 Dungeon Crawl Stone Soup version 0.28.0-62-gf88900778d (webtiles) character file.

Game seed: 13183528779118337441

1736 cbfl8 the Cleaver (level 8, 0/69 (70) HPs)
             Began as a Minotaur Fighter on Sept 14, 2023.
             Slain by Maggie
             ... wielding a +2 scimitar of flaming
              (8 damage)
             ... on level 7 of the Dungeon.
             The game lasted 00:05:04 (6758 turns).

cbfl8 the Cleaver (Minotaur Fighter)                Turns: 6758, Time: 00:05:05

HP:   0/69 (70)     AC:  7    Str: 21    XL:     8   Next: 76%
MP:   7/7           EV: 13    Int:  5    God:
Gold: 297           SH:  5    Dex: 12    Spells: 7/7 levels left

rFire   + . .      SeeInvis .   a - +0 war axe
rCold   x . .      Faith    .   c - +0 buckler
rNeg    . . .      Spirit   .   b - +0 scale mail
rPois   .          Reflect  .   (helmet restricted)
rElec   .          Harm     .   (no cloak)
rCorr   .          Rampage  .   (no gloves)
Will    .....                   (no boots)
Stlth   ..........              (no amulet)
HPRegen 0.21/turn               f - +4 ring of evasion
MPRegen 0.10/turn               r - ring of fire

@: mighty, lightly drained
A: horns 2, retaliatory headbutt
a: no special abilities


You were on level 7 of the Dungeon.
You visited 1 branch of the dungeon, and saw 7 of its levels.

You collected 297 gold pieces.

Inventory:

Hand Weapons
 a - a +0 war axe (weapon)
Armour
 b - a +0 scale mail (worn)
 c - a +0 buckler (worn)
Jewellery
 f - a +4 ring of evasion (left hand)
 r - a ring of fire (right hand)
Wands
 m - a wand of flame (34)
 n - a wand of iceblast (11) (quivered)
Scrolls
 g - a scroll of noise
 j - 2 scrolls of fog
 k - 6 scrolls of blinking
 l - 2 scrolls of identify
 p - a scroll of fear
 q - a scroll of brand weapon
 s - a scroll of magic mapping
Potions
 d - a potion of might
 e - a potion of ambrosia
 h - 6 potions of curing
 i - 2 potions of heal wounds
 o - a potion of lignification


   Skills:
 + Level 6.0 Fighting
 + Level 8.8 Axes
 + Level 6.8 Armour
 + Level 5.3 Shields
 * Level 4.4 Evocations


You had 7 spell levels left.
You didn't know any spells.
Your spell library contained the following spells:

 Spells                   Type           Power      Damage    Failure   Level
 Freeze                   Ice            0%         1d3       86%         1
 Summon Small Mammal      Summ           0%         N/A       86%         1
 Call Canine Familiar     Summ           0%         N/A       99%         3
 Frozen Ramparts          Ice            0%         1d2       99%         3
 Summon Guardian Golem    Hex/Summ       0%         N/A       99%         3
 Hailstorm                Conj/Ice       0%         3d3       100%        4
 Ice Form                 Ice/Tmut       0%         N/A       100%        4
 Simulacrum               Ice/Necr       0%         N/A       100%        6


Dungeon Overview and Level Annotations

Branches:
Dungeon (7/15)
 Temple: D:4-7

Altars:
Cheibriados
Kikubaaqudgha
The Shining One
Beogh

Shops:
D:3 =

Annotations:
D:5 3 runed translucent doors, cbfl8's ghost, novice MiFi
D:7 Maggie


Innate Abilities, Weirdness & Mutations

You have a pair of horns on your head.
You reflexively headbutt those who attack you in melee.


Message History

You barely miss the wyvern zombie.
The wyvern zombie is severely damaged.
You hit Maggie. The wyvern zombie barely misses you. Maggie barely misses you.
The wyvern zombie bites you!
Unknown command.
You completely miss the wyvern zombie.
The wyvern zombie is severely damaged.
You hit Maggie. Maggie hits you but does no damage.
The wyvern zombie barely misses you.
Unknown command.
You barely miss the wyvern zombie.
The wyvern zombie is severely damaged.
You barely miss Maggie.
The wyvern zombie bites you but does no damage.
Maggie points at you and mumbles some strange words.
The bolt of fire hits you. You resist.
Unknown command.
You barely miss Maggie. Your headbutt misses Maggie.
Maggie is moderately wounded.
You hit the wyvern zombie but do no damage.
The wyvern zombie barely misses you.
Maggie hits you with a +2 scimitar of flaming!
* * * LOW HITPOINT WARNING * * *
Maggie burns you.
* * * LOW HITPOINT WARNING * * *
A shadow imp comes into view.
The wyvern zombie closely misses you.
The shadow imp shouts!
You slice Maggie!!
Maggie is severely wounded.
You slash the wyvern zombie!
Maggie smiles, but it's obviously fake.
Maggie hits you with a +2 scimitar of flaming!
* * * LOW HITPOINT WARNING * * *
Maggie burns you.
* * * LOW HITPOINT WARNING * * *
You block the wyvern zombie's attack.
Maggie mumbles the words to a spell, but in the wrong order.
Maggie hits you with a +2 scimitar of flaming!
You die...

. .# ##..#
##.....
######...#
.##......#
......>..#####.
.......@..:....
$.....Z@.......
.5.............
...............
...............
..........#####
.........##
.##..?..##


You could see Maggie, a shadow imp and a wyvern zombie.

Vanquished Creatures
  A troll (D:5)
  Duvessa (D:5)
  2 necrophages (D:6)
  2 bullfrogs
  3 scorpions
  Dowan (D:5)
  3 wights (D:6)
  2 howler monkeys
  An orc priest (D:3)
  A centaur zombie (D:6)
  A jelly (D:7)
  A gnoll shaman (D:5)
  2 hounds
  A centaur skeleton (D:4)
  A bullfrog skeleton (D:5)
  Jessica (D:2)
  Ijyb (D:3)
  Terence (D:2)
  An iguana (D:6)
  3 orc wizards
  Robin (D:2)
  8 gnolls
  7 adders
  2 shadow imps (D:6)
  2 ufetubi (D:5)
  A worm (D:3)
  A dart slug (D:4)
  11 orcs
  3 ball pythons
  10 endoplasms
  5 giant cockroaches
  12 goblins
  10 hobgoblins
  8 jackals
  3 quokkas
  10 bats
  5 frilled lizards
  8 kobolds
  5 rats
142 creatures vanquished.

Notes
Turn   | Place    | Note
-------+----------+-------------------------------------------
     0 | D:1      | cbfl8 the Minotaur Fighter began the quest for the Orb.
     0 | D:1      | Reached XP level 1. HP: 19/19 MP: 0/0
   136 | D:1      | Reached XP level 2. HP: 22/27 MP: 1/1
   414 | D:1      | Found a faded altar of an unknown god.
   735 | D:1      | Reached skill level 3 in Axes
   735 | D:1      | Reached XP level 3. HP: 33/33 MP: 2/2
   806 | D:1      | Reached skill level 1 in Evocations
  1360 | D:2      | Reached XP level 4. HP: 34/40 MP: 3/3
  1415 | D:2      | Noticed Robin
  1745 | D:2      | Killed Robin
  1885 | D:2      | Reached skill level 4 in Axes
  1917 | D:2      | Noticed a scorpion
  1925 | D:2      | Killed a scorpion
  1926 | D:2      | Reached XP level 5. HP: 41/46 MP: 4/4
  1972 | D:2      | Noticed Terence
  1985 | D:2      | Killed Terence
  2112 | D:2      | Noticed Jessica
  2117 | D:2      | Killed Jessica
  2705 | D:3      | Reached skill level 5 in Axes
  2728 | D:3      | Reached XP level 6. HP: 45/53 MP: 5/5
  2933 | D:3      | Found a glowing golden altar of the Shining One.
  3170 | D:3      | Found Gauloqea's Jewellery Shop.
  3200 | D:3      | Noticed Ijyb
  3209 | D:3      | Killed Ijyb
  3408 | D:3      | Found an ancient bone altar of Kikubaaqudgha.
  3633 | D:4      | Reached skill level 5 in Armour
  3635 | D:4      | Reached XP level 7. HP: 49/60 MP: 6/6
  3878 | D:4      | Reached skill level 6 in Axes
  4010 | D:4      | Reached skill level 5 in Fighting
  4069 | D:4      | Found a snail-covered altar of Cheibriados.
  4276 | D:5      | Entered Level 5 of the Dungeon
  4306 | D:5      | Noticed Duvessa
  4309 | D:5      | Noticed Dowan
  4323 | D:5      | Killed Duvessa
  4323 | D:5      | Killed Dowan
  4469 | D:5      | Reached skill level 5 in Shields
  4532 | D:5      | Noticed a troll
  4543 | D:5      | Killed a troll
  4544 | D:5      | Reached skill level 7 in Axes
  4544 | D:5      | Reached XP level 8. HP: 9/69 MP: 7/7
  4931 | D:5      | Noticed cbfl8's ghost (novice MiFi)
  4932 | D:5      | Found a runed translucent gate.
  4933 | D:5      | Found a runed translucent gate.
  4934 | D:5      | Found a runed translucent gate.
  5545 | D:6      | Identified the +8 rapier "Arcanum" {flame, Dex+3}
  5558 | D:6      | Reached skill level 8 in Axes
  6746 | D:7      | Noticed Maggie
  6758 | D:7      | Slain by Maggie

Illustrated notes

Levels and vault maps discovered:
D:1:      dpeg_arrival_line_fractal, layout_loops_ring,
          shapermc_ecumenical_altar_pompeii, minmay_tromino_i4
D:2:      layout_loops_ring, minmay_fractal_squares_gapless_5, uniq_terence,
          uniq_robin, uniq_jessica
D:3:      layout_basic, mainiacjoe_overflow_big_doors, serial_shops, shop,
          uniq_ijyb
D:4:      layout_cave_pools, mainiacjoe_overflow_alcove_1
D:5:      layout_cave_pools, biasface_ghost_orc_armoury, uniq_duvessa
D:6:      layout_basic, hangedman_decor_riveting
D:7:      layout_rooms, minmay_temple_entry_proselytizer, uniq_maggie,
          uniq_harold

Skill      XL: |  1  2  3  4  5  6  7  8 |
---------------+-------------------------+-----
Axes           | 3 4 5 7 8 |  8.8
Armour         | 4 5 6 |  6.8
Evocations     | 1 2 3 4 |  4.4
Fighting       | 4 5 6 |  6.0
Shields        | 4 5 |  5.3

Action                   |  1- 3 |  4- 6 |  7- 9 || total
-------------------------+-------+-------+-------++-------
Melee: War axe           |    68 |   129 |   134 ||   331
       Headbutt          |     8 |    22 |    21 ||    51
Evoke: Wand              |       |       |     1 ||     1
  Use: Scroll            |     1 |     5 |     7 ||    13
       Potion            |       |       |     2 ||     2
Armor: Scale mail        |    27 |    50 |    39 ||   116
Dodge: Dodged            |    27 |    98 |   113 ||   238
Block: Buckler           |    24 |    54 |    36 ||   114
